AoeStats
← waLLefps.

Arabia

507365237Analyzed
1v1 RM · 13d ago on Sep 17, 2026· 51m 32s· 2 players
Game mode
Random Map
Map size
Tiny (2 player)
Population
200
Speed
Normal
Resources
Standard
Victory
Conquest
Starting age
Dark Age
Ending age
Imperial Age
RankedLock teamsTeams togetherTeam positionsShared explorationLock speedFull tech treeHidden civsTurbo modeCheats
Victory
Defeat
🇹🇷 Malay · Türkiye
1332
+16
🇲🇽 Berbers · Mexico
1335
-16
waLLefps.
7:29 Loom
11:42 Feudal Age
11:32 Double-Bit Axe
18:16 Wheelbarrow
18:26 Horse Collar
19:03 Fletching
23:31 Castle Age
21:54 Gold Mining
22:28 Forging
23:30 Bodkin Arrow
24:10 Iron Casting
23:34 Crossbowman
24:54 Bow Saw
24:58 Light Cavalry
26:27 Husbandry
26:39 Scale Barding Armor
35:19 Hand Cart
35:16 Pikeman
35:41 Arson
36:03 Squires
37:27 Iron Casting
39:44 Gold Shaft Mining
43:38 Imperial Age
41:13 Town Watch
42:24 Elite Karambit Warrior
44:09 Blast Furnace
43:44 Conscription
43:18 Halberdier
49:50 Stone Mining
Dr. Pulgozoo0
7:28 Loom
9:47 Feudal Age
11:49 Double-Bit Axe
19:35 Wheelbarrow
19:10 Fletching
22:37 Castle Age
20:43 Horse Collar
20:56 Gold Mining
23:00 Scale Barding Armor
23:24 Bloodlines
24:39 Bow Saw
25:00 Town Watch
26:07 Chain Barding Armor
25:35 Elite Skirmisher
26:16 Bodkin Arrow
28:34 Hand Cart
30:46 Forging
31:41 Husbandry
38:39 Imperial Age
36:40 Ballistics
39:02 Padded Archer Armor
39:38 Iron Casting
39:25 Thumb Ring
38:46 Heavy Camel Rider
41:21 Bracer
41:18 Elite Genitour
47:47 Scale Mail Armor
47:51 Man-at-Arms
49:21 Chain Mail Armor
49:10 Long Swordsman
50:26 Two-Handed Swordsman
Connection lost

Rejoining the realm…

Still unreachable

The connection could not be restored.

Session expired

The server has moved on; the page needs a fresh start.